 Seeded DCSS version 0.27.1-16-g815e20cd7a (webtiles) character file.

Game seed: 20211123 (custom seed)

140 jessy the Skirmisher (level 5, -6/41 (42) HPs)
             Began as a Demonspawn Berserker on Nov 23, 2021.
             Was an Initiate of Wu Jian.
             Mangled by an ogre (20 damage)
             ... on level 4 of the Dungeon.
             The game lasted 00:13:57 (3342 turns).

jessy the Skirmisher (Demonspawn Berserker)         Turns: 3342, Time: 00:13:58

HP:   -6/41 (42)    AC:  7    Str: 19    XL:     5   Next: 2%
MP:   5/5           EV:  7    Int:  8    God:    Wu Jian [......]
Gold: 55            SH: 11    Dex: 12    Spells: 4/4 levels left

rFire    . . .     SeeInvis .   u - +1 falchion (vorpal)
rCold    . . .     Faith    .   w - +0 kite shield
rNeg     + . .     Spirit   .   p - +0 scale mail
rPois    .         Reflect  .   (no helmet)
rElec    .         Harm     .   D - +0 cloak
rCorr    .         Rampage  .   (no gloves)
Will     .....                  (no boots)
Stlth    ..........             (no amulet)
HPRegen  0.13/turn              r - ring of positive energy
MPRegen  0.09/turn              (no ring)

@: lightly drained
A: hooves 1, spiny 1, condensation shield
a: Renounce Religion


You were on level 4 of the Dungeon.
You worshipped Wu Jian.
Wu Jian was noncommittal.
You visited 1 branch of the dungeon, and saw 4 of its levels.

You collected 136 gold pieces.
You spent 81 gold pieces at shops.

Inventory:

Hand Weapons
 a - a +0 falchion
 d - a +0 spear
 j - a +0 whip
 k - a +4 club
 m - a +1 whip of freezing
 o - a +0 morningstar
 t - a +0 flail
 u - a +1 vorpal falchion (weapon)
 A - a +0 hand crossbow
 E - a +2 dagger of draining
Missiles
 e - 81 stones (quivered)
 v - 5 poisoned darts
 B - 38 bolts
Armour
 b - a +0 animal skin
 i - a +0 robe
 l - a +0 robe
 p - a +0 scale mail (worn)
 w - a +0 kite shield (worn)
 D - a +0 cloak (worn)
Magical Staves
 c - a staff of conjuration
Jewellery
 r - a ring of positive energy (left hand)
Wands
 C - a wand of flame (22)
Scrolls
 g - 3 scrolls of enchant weapon {unknown}
 n - 2 scrolls of identify {unknown}
 q - a scroll of amnesia {unknown}
 x - 2 scrolls of teleportation {unknown}
 y - a scroll of fog {unknown}
Potions
 f - a potion of invisibility {unknown}
 h - a potion of magic {unknown}
 s - a potion of haste {unknown}
 z - a potion of cancellation {unknown}


   Skills:
 + Level 3.9 Fighting
 + Level 3.9 Long Blades
 + Level 0.5 Maces & Flails
 + Level 2.1 Armour
 + Level 2.4 Dodging
 + Level 0.3 Stealth
 + Level 0.2 Shields


You had 4 spell levels left.
You didn't know any spells.
Your spell library contained the following spells:

 Spells                   Type           Power      Damage    Failure   Level
 Dispersal                Tloc           0%         N/A       100%        6
 Disjunction              Tloc           0%         N/A       100%        8


Dungeon Overview and Level Annotations

Branches:
Dungeon (4/15)
 Temple: D:4-7

Altars:
Wu Jian

Shops:
D:3 (*


Innate Abilities, Weirdness & Mutations

You have large cloven feet.
You are partially covered in sharp spines.
A meltable shield of frost defends you. (SH +4)


Message History

The endoplasm freezes you.
You are frozen.
You hit the endoplasm.
You kill the endoplasm!
The Council accepts your kill.
You have reached level 5!
A goblin comes into view. It is wielding a +2 dagger of draining.
The goblin shouts!
You lunge at the goblin, but your attack speed is too slow for a blow to land.
The goblin hits you with a +2 dagger of draining.
You partially resist.
You feel drained.
You completely miss the goblin. You block the goblin's attack. x2
You hit the goblin.
You kill the goblin!
The Council accepts your kill.
You see here a +2 dagger of draining.
You see here a +2 dagger of draining.
E - a +2 dagger of draining You start resting.
HP restored.
Found an amethyst potion.
A quokka comes into view.
You block the quokka's attack.
An ogre comes into view. It is wielding a +0 giant spiked club.
The ogre shouts!
The quokka is struck by your spines. The quokka bites you.
You hit the quokka.
The quokka is almost dead.
The quokka is struck by your spines.
You kill the quokka!
The Council accepts your kill.
You see here a quokka corpse.
The ogre closely misses you. The ogre is struck by your spines.
The ogre hits you with a +0 giant spiked club!!
Ouch! That really hurt!
You hit the ogre. You kick the ogre.
The ogre is moderately wounded.
The ogre hits you with a +0 giant spiked club!!
You die...

..####..
#......
#.....#
#.....##
##......#
#..#....#
#..#O...##
#.#.@!...#
#.#......#
##.#†..#.....
#......# ..#.
#.####.# ...
#.# ## ..
##.# . #..#
##.#######


You could see an ogre.

Vanquished Creatures
  Jessica (D:2)
  Terence (D:2)
  3 adders
  A worm (D:3)
  5 orcs (D:3)
  7 bats
  4 endoplasms
  A giant cockroach (D:2)
  6 goblins
  2 hobgoblins
  6 quokkas
  3 ball pythons
  2 frilled lizards
  9 kobolds
  A rat (D:1)
52 creatures vanquished.

Notes
Turn   | Place    | Note
-------+----------+-------------------------------------------
     0 | D:1      | jessy the Demonspawn Berserker began the quest for the Orb.
     0 | D:1      | Reached XP level 1. HP: 18/18 MP: 1/1
   258 | D:1      | Gained mutation: You are partially covered in sharp spines.
                  | [demonic ancestry]
   258 | D:1      | Reached XP level 2. HP: 11/24 MP: 2/2
   637 | D:1      | Found a faded altar of an unknown god.
  1309 | D:2      | Noticed Jessica
  1328 | D:2      | Killed Jessica
  1329 | D:2      | Gained mutation: You have large cloven feet. [demonic
                  | ancestry]
  1329 | D:2      | Reached XP level 3. HP: 5/29 MP: 3/3
  1878 | D:2      | Noticed Terence
  1887 | D:2      | Killed Terence
  1888 | D:2      | Gained mutation: A meltable shield of frost defends you.
                  | (SH +4) [demonic ancestry]
  1888 | D:2      | Reached XP level 4. HP: 13/37 MP: 4/4
  2569 | D:3      | Reached ** piety under Trog
  2826 | D:3      | Found Heugus's Weapon Shop.
  2897 | D:3      | Bought a +0 hand crossbow for 35 gold pieces
  2897 | D:3      | Bought 23 bolts for 46 gold pieces
  2972 | D:3      | Found Medoidda's Assorted Antiques.
  3008 | D:3      | Found an ornate altar of the Wu Jian Council.
  3019 | D:3      | Fell from the grace of Trog
  3019 | D:3      | Became a worshipper of the Wu Jian Council
  3299 | D:4      | Reached XP level 5. HP: 40/42 MP: 5/5
  3336 | D:4      | Noticed an ogre
  3342 | D:4      | Mangled by an ogre

Illustrated notes

Levels and vault maps discovered:
D:1:      wander_arrival_chamber, layout_loops_ring,
          ebering_ecumenical_altar_abandoned, chequers_serial_rivers_micro_b
D:2:      layout_basic, uniq_terence, uniq_jessica
D:3:      layout_rooms, nicolae_wu_jian_glorious_leap, serial_shops, shop, shop
D:4:      lemuel_castle_with_subvaults [lemuel_castle_interior_original],
          layout_cave_pods, minmay_temple_entry_water_ring, feat_on_display

Skill      XL: |  1  2  3 |
---------------+----------+-----
Long Blades    | 3 |  3.9
Dodging        | 2 |  2.4
Armour         | 2 |  2.1
Fighting       | |  3.9
Maces & Flails | |  0.5
Stealth        | |  0.3
Shields        | |  0.2

Action                   |  1- 3 |  4- 6 || total
-------------------------+-------+-------++-------
Melee: Falchion          |    34 |    14 ||    48
       Club              |     4 |       ||     4
       Kick              |     3 |    12 ||    15
       Morningstar       |       |    27 ||    27
Armor: Animal skin       |    12 |       ||    12
       Scale mail        |       |    31 ||    31
Dodge: Dodged            |    40 |    30 ||    70
Block: Kite shield       |       |    19 ||    19
       Other             |       |    13 ||    13
       Rpst.: Falchion   |    12 |       ||    12
